 Dungeon Crawl Stone Soup version 0.21.0-3-g78d12a8 (webtiles) character file.

133 komo4ek the Caller (level 5, 0/38 HPs)
             Began as a Human Summoner on Jan 8, 2018.
             Was an Initiate of Vehumet.
             Slain by an orc
             ... wielding a +0 hand axe
              (6 damage)
             ... on level 3 of the Dungeon.
             The game lasted 00:07:42 (2544 turns).

komo4ek the Caller (Human Summoner)                 Turns: 2544, Time: 00:07:43

Health: 0/38       AC:  2    Str:  9    XL:     5   Next: 40%
Magic:  2/9        EV: 12    Int: 16    God:    Vehumet [......]
Gold:   114        SH:  0    Dex: 13    Spells: 5/9 levels left

rFire    . . .     SeeInvis +   t - +1 scythe (flame)
rCold    . . .     Gourm    .   (shield currently unavailable)
rNeg     . . .     Faith    .   a - +0 robe
rPois    .         Spirit   .   (no helmet)
rElec    .         Reflect  .   (no cloak)
rCorr    +         Harm     .   (no gloves)
MR       .....                  (no boots)
Stlth    ++........             g - amulet of inaccuracy (curse)
HPRegen  0.12/turn              h - ring of see invisible
MPRegen  0.11/turn              i - ring of resist corrosion

@: no status effects
A: no striking features
a: Renounce Religion


You were on level 3 of the Dungeon.
You worshipped Vehumet.
Vehumet was noncommittal.
You were not hungry.

You visited 1 branch of the dungeon, and saw 3 of its levels.

You collected 114 gold pieces.

Inventory:

Hand Weapons
 f - a +0 dagger
 t - a +1 scythe of flaming (weapon)
Armour
 a - a +0 robe (worn)
Jewellery
 g - a cursed amulet of inaccuracy (around neck)
 h - a ring of see invisible (left hand)
 i - a ring of resist corrosion (right hand)
Scrolls
 j - 2 scrolls of remove curse {unknown}
 k - a scroll of fog {unknown}
 l - a scroll of amnesia {unknown}
 o - a scroll of identify {unknown}
 p - a scroll of random uselessness {unknown}
 s - a scroll of enchant armour {unknown}
Potions
 d - a potion of resistance {unknown}
 e - a potion of agility {unknown}
 m - a potion of lignification {unknown}
 n - a potion of cancellation {unknown}
 q - 2 potions of berserk rage {unknown}
 r - a potion of curing {unknown}
Books
 b - a book of Callings

   Spells                             Type                      Level
   a - Summon Small Mammal            Summoning                    1
   b - Call Imp                       Summoning                    2
   c - Call Canine Familiar           Summoning                    3
   d - Summon Guardian Golem          Hexes/Summoning              3
   e - Summon Lightning Spire         Summoning/Air                4
   f - Summon Ice Beast               Ice/Summoning                4
Comestibles
 c - 2 rations


   Skills:
 + Level 2.0 Fighting
 - Level 2.0 Dodging
 - Level 2.0 Stealth
 + Level 2.9 Spellcasting
 * Level 5.3 Summonings


You had 5 spell levels left.
You knew the following spells:

 Your Spells              Type           Power        Failure   Level  Hunger
a - Summon Small Mammal   Summ           ###.         1%          1    #......
b - Call Canine Familiar  Summ           ###.....     6%          3    ###....


Dungeon Overview and Level Annotations

Branches:
Dungeon (3/15)

Altars:
Makhleb
Nemelex Xobeh
Vehumet


Message History

Your quokka's corpse disappears in a puff of smoke!
Casting: Summon Small Mammal
Confirm with . or Enter, or press ? or * to list all spells.
You are too injured to fight recklessly!
You completely miss the orc.
Your hound bites the orc.
The orc hits you with a hand axe. The orc barely misses your hound. x2
Your hound bites the orc but does no damage.
The orc hits you with a hand axe!
* * * LOW HITPOINT WARNING * * *
The orc barely misses your hound. The orc closely misses your hound.
Your hound closely misses the orc.
Your hound bites the orc but does no damage.
The orc closely misses your hound.
Your hound barely misses the orc.
Something hits your hound.
Your hound closely misses the orc.
Casting: Call Canine Familiar
Confirm with . or Enter, or press ? or * to list all spells.
Your hound bites the orc but does no damage.
The orc hits you with a hand axe.
You die...

######........)......
#.....h.))...........
##†###....†..........
#...#......†........
###.#..............o
#o######..........
#h# #.......... #o#
#.......... #@#
#.......... #.#
#.......!.. #r#
#.......... #.#
##########. #.# #.#
#.# #.# #[#


You could see 2 orcs, a friendly hound and a friendly quokka.

Vanquished Creatures
  2 oozes (D:2)
  A ball python (D:2)
  A giant cockroach (D:2)
  3 goblins
  A hobgoblin (D:2)
  2 bats (D:2)
  2 frilled lizards
  4 rats
16 creatures vanquished.

Vanquished Creatures (collateral kills)
  Sigmund (D:3)
  An orc priest (D:3)
  An adder (D:2)
  A worm (D:2)
  2 ball pythons (D:1)
  A bat (D:2)
  2 giant cockroaches
  3 goblins (D:1)
  3 hobgoblins
  2 jackals (D:3)
  3 frilled lizards
  3 kobolds
23 creatures vanquished.

Grand Total: 39 creatures vanquished

Notes
Turn   | Place    | Note
-------+----------+-------------------------------------------
     0 | D:1      | komo4ek the Human Summoner began the quest for the Orb.
     0 | D:1      | Reached XP level 1. HP: 13/13 MP: 3/3
   317 | D:1      | Reached XP level 2. HP: 16/20 MP: 3/5
  1442 | D:2      | Reached skill level 1 in Fighting
  1442 | D:2      | Reached XP level 3. HP: 16/26 MP: 6/6
  1932 | D:2      | Found a radiant altar of Vehumet.
  1940 | D:2      | Found a burning altar of Makhleb.
  1964 | D:2      | Became a worshipper of Vehumet
  2217 | D:2      | Learned a level 3 spell: Call Canine Familiar
  2354 | D:3      | Found a sparkling altar of Nemelex Xobeh.
  2461 | D:3      | Noticed Sigmund
  2490 | D:3      | Killed Sigmund
  2490 | D:3      | Reached skill level 5 in Summonings
  2490 | D:3      | Reached XP level 4. HP: 24/33 MP: 4/8
  2490 | D:3      | Reached XP level 5. HP: 28/38 MP: 4/9
  2544 | D:3      | Slain by an orc

Skill      XL: |  1  2  3  4  5 |
---------------+----------------+-----
Fighting       | 1 2 |  2.0
Summonings     | 5 |  5.3
Dodging        | |  2.0
Stealth        | |  2.0
Spellcasting   | |  2.9

Action                   |  1- 3 |  4- 6 || total
-------------------------+-------+-------++-------
Melee: Dagger            |   134 |       ||   134
       Unarmed           |     1 |       ||     1
       Scythe            |       |     2 ||     2
 Cast: Summon Small Mamm |    19 |     2 ||    21
       Call Canine Famil |     4 |     2 ||     6
 Stab: Sleeping          |     3 |       ||     3
  Eat: Ration            |     2 |       ||     2
Armor: Robe              |    44 |       ||    44
Dodge: Dodged            |   110 |     8 ||   118
